 Dungeon Crawl Stone Soup version 0.28-b1-1-g3c77fb2ed1 (webtiles) character file.

Game seed: 17349072629937324962

1471 Minsecho the Cudgeller (level 8, 0/81 HPs)
             Began as an Ogre Arcane Marksman on Jan 30, 2022.
             Succumbed to a water moccasin's poison
             ... on level 6 of the Dungeon.
             The game lasted 00:15:20 (9514 turns).

Minsecho the Cudgeller (Ogre Arcane Marksman)       Turns: 9514, Time: 00:15:21

Health: 0/81       AC:  3    Str: 14 (15) XL:     8   Next: 78%
Magic:  13/13      EV: 11    Int: 12 (14) God:
Gold:   264        SH:  0    Dex: 11      Spells: 12/13 levels left

rFire   . . .      SeeInvis .   m - +6 whip
rCold   . . .      Faith    .   (no shield)
rNeg    . . .      Spirit   .   a - +0 robe
rPois   .          Reflect  .   (helmet restricted)
rElec   .          Harm     .   (no cloak)
rCorr   .          Rampage  .   (gloves unavailable)
Will    .....                   (boots unavailable)
Stlth   +.........              k - amulet of magic regeneration
HPRegen 0.23/turn               (no ring)
MPRegen 0.53/turn               (no ring)

@: lethally poisoned (0 -> -29), attractive
A: large, unfitting armour, tough skin 1
a: no special abilities


You were on level 6 of the Dungeon.
You visited 2 branches of the dungeon, and saw 7 of its levels.

You collected 264 gold pieces.

Inventory:

Hand Weapons
 h - a +2 mace of protection
 m - a +6 whip (weapon)
 q - a +0 great mace
Missiles
 b - 3 large rocks
 c - 2 throwing nets
 e - 197 stones
 p - 8 boomerangs (quivered)
 r - 2 poisoned darts
Armour
 a - a +0 robe (worn)
Jewellery
 k - an amulet of magic regeneration (around neck)
 l - a ring of wizardry
Scrolls
 f - a scroll of identify
 i - 4 scrolls of vulnerability
 j - a scroll of amnesia
 n - a scroll of teleportation
Potions
 d - 2 potions of might
 g - a potion of mutation
 o - 2 potions of degeneration


   Skills:
 + Level 5.4 Fighting
 - Level 0.5 Short Blades
 + Level 5.4 Maces & Flails
 + Level 4.0 Throwing
 + Level 4.5 Dodging
 + Level 3.4 Spellcasting
 + Level 4.1 Hexes


You had 12 spell levels left.
You knew the following spells:

 Your Spells              Type           Power      Damage    Failure   Level
a - Slow                  Hex            44%        N/A       4%          1

Your spell library contained the following spells:

 Spells                   Type           Power      Damage    Failure   Level
 Inner Flame              Hex/Fire       6%         N/A       30%         3
 Portal Projectile        Hex/Tloc       12%        N/A       30%         3
 Summon Guardian Golem    Hex/Summ       6%         N/A       30%         3
 Corpse Rot               Necr/Air       4%         N/A       34%         2
 Poisonous Vapours        Pois/Air       4%         N/A       34%         2
 Cause Fear               Hex            5%         N/A       41%         4
 Orb of Destruction       Conj           1%         9d5       100%        7
 Spellforged Servitor     Conj/Summ      1%         N/A       100%        7


Dungeon Overview and Level Annotations

Branches:
Dungeon (6/15)             Temple (1/1) D:6

Altars:
Ashenzari
Cheibriados
Dithmenos
Elyvilon
Gozag
Kikubaaqudgha
Makhleb
Nemelex Xobeh
Okawaru
Ru
Sif Muna
Trog
Uskayaw
Wu Jian
Xom
Zin

Shops:
D:6 :[(

Annotations:
D:4 1 runed translucent door, Duder's ghost, amateur MiBe
D:6 1 runed translucent door, Crazy Yiuf


Innate Abilities, Weirdness & Mutations

You are too large for most types of armour.
You have tough skin. (AC +1)


Message History

You hit the water moccasin.
The water moccasin is moderately wounded.
You feel sick. The water moccasin bites you! x2
You are more poisoned.
The water moccasin poisons you!
You whack the water moccasin!
The water moccasin is heavily wounded.
You feel very sick. The water moccasin closely misses you.
You closely miss the water moccasin.
The water moccasin is heavily wounded.
You feel very sick. The water moccasin bites you.
You are lethally poisoned!
The water moccasin poisons you!
Casting: Slow (safe; 4% risk of failure)
Confirm with . or Enter, or press ? or * to list all spells.
Aiming: Slow (safe; 4% risk of failure)
Press: ? - help, Shift-Dir - straight line, f - water moccasin
Aim: a water moccasin (heavily wounded, chance to affect: 50%)
The water moccasin resists with some effort.
* * * LOW HITPOINT WARNING * * *
You feel extremely sick. The water moccasin closely misses you.
Okay, then.
As you read the scroll of teleportation, it crumbles to dust.
You feel strangely unstable.
* * * LOW HITPOINT WARNING * * *
You feel very sick. The water moccasin bites you.
* * * LOW HITPOINT WARNING * * *
You are more poisoned.
The water moccasin poisons you! The water moccasin closely misses you.
* * * LOW HITPOINT WARNING * * *
You feel extremely sick.
It was a potion of attraction.
You feel attractive to monsters.
Your surroundings suddenly seem different.
Found a scroll labelled HEXEVE UTSALASH and 8 stones.
You die...

#.....###...### ...
#..# .#
#.......+._.#.. ....#
#### .#
#.....###...###....#.#
##
#...###.#####.###..#..
#####....# #....###..
#......## #......#
#......# ....(.#
#.....## #.....##.
#.....# #@.......
##.....# #......#.
###..##.## ##?#####
........# .# .########
.# .# .# .# .# .#
##### .. .# #)..#


There were no monsters in sight!

Vanquished Creatures
  2 necrophages
  4 ogres
  A kobold brigand (D:5)
  2 bullfrogs
  4 scorpions (D:5)
  A wyvern skeleton (D:5)
  A centaur zombie (D:5)
  A bullfrog skeleton (D:5)
  2 centaur skeletons
  An orc priest (D:6)
  3 iguanas
  4 orc wizards
  6 adders
  A white imp (D:6)
  2 ufetubi
  An adder skeleton (D:4)
  12 orcs
  4 bats
  10 endoplasms
  A giant cockroach (D:1)
  8 hobgoblins
  4 quokkas
  6 ball pythons
  3 frilled lizards
  6 goblins
  10 kobolds
  3 rats
103 creatures vanquished.

Vanquished Creatures (others)
  2 plants (D:4)
2 creatures vanquished.

Grand Total: 105 creatures vanquished

Notes
Turn   | Place    | Note
-------+----------+-------------------------------------------
     0 | D:1      | Minsecho the Ogre Arcane Marksman began the quest for the
                  | Orb.
     0 | D:1      | Reached XP level 1. HP: 19/19 MP: 2/2
   542 | D:1      | Reached XP level 2. HP: 13/27 MP: 3/3
  1394 | D:1      | Found a faded altar of an unknown god.
  1394 | D:1      | Noticed an Executioner
  1510 | D:1      | Reached XP level 3. HP: 32/33 MP: 5/5
  2679 | D:2      | Reached XP level 4. HP: 31/41 MP: 6/6
  3339 | D:3      | Found an ornate altar of the Wu Jian Council.
  3340 | D:3      | Found an iron altar of Okawaru.
  3450 | D:3      | Reached skill level 1 in Maces & Flails
  3725 | D:4      | Found a runed translucent door.
  3725 | D:4      | Noticed Duder's ghost (amateur MiBe)
  3775 | D:4      | Noticed an ogre
  3795 | D:4      | Killed an ogre
  3796 | D:4      | Reached XP level 5. HP: 46/49 MP: 7/7
  4240 | D:4      | Noticed a necrophage
  4257 | D:4      | Killed a necrophage
  4258 | D:4      | Reached XP level 6. HP: 36/59 MP: 7/9
  4972 | D:4      | Found a snail-covered altar of Cheibriados.
  5212 | D:5      | Entered Level 5 of the Dungeon
  5431 | D:5      | Reached XP level 7. HP: 22/66 MP: 10/10
  5435 | D:4      | HP: 1/66 [ogre (22)]
  5913 | D:5      | Found a hide-covered altar of Uskayaw.
  6593 | D:5      | Reached XP level 8. HP: 69/78 MP: 12/12
  6752 | D:5      | Found a glowing silver altar of Zin.
  7949 | D:6      | Found Loceguce's Book Boutique.
  8199 | D:6      | Found a staircase to the Ecumenical Temple.
  8213 | D:6      | Reached skill level 5 in Maces & Flails
  8268 | Temple   | Entered the Ecumenical Temple
  8590 | D:6      | Found Pecs's Antique Armour Boutique.
  8713 | D:6      | Reached skill level 5 in Fighting
  9168 | D:6      | Found a sacrificial altar of Ru.
  9202 | D:6      | Found a broken altar of Ashenzari.
  9256 | D:6      | Found Xaici's Weapon Emporium.
  9307 | D:6      | Found a runed translucent door.
  9308 | D:6      | Noticed Crazy Yiuf
  9488 | D:6      | Found Foogua's General Store.
  9514 | D:6      | Succumbed to a water moccasin's poison

Illustrated notes

Levels and vault maps discovered:
D:1:      onia_arrival_pentagram, layout_loops_ring,
          dreamdust_ecumenical_altar_sealed_demon, minmay_pentomino_u2
D:2:      layout_rooms, wad_orctagon
D:3:      layout_basic, gammafunk_temple_overflow_statue
D:4:      wad_lake_hut, layout_basic, overflow_temple_1_default,
          hellmonk_ghost_happy_afterlife, kennysheep_boxes
D:5:      layout_layer_cave, zin_statuary, marbit_many_paths,
          nicolae_figureground_pulse
D:6:      layout_loops_ring, nicolae_ashenzari_panopticon, kennysheep_mini,
          minmay_temple_entry_tees, serial_shops, nicolae_shop_trees, shop,
          nicolae_square_shop, kennysheep_mini_moat, uniq_duvessa,
          uniq_crazy_yiuf_cottage
Temple:   compressed_dpeg_triangle_lava_temple

Skill      XL: |  1  2  3  4  5  6  7  8 |
---------------+-------------------------+-----
Hexes          | 3 4 |  4.1
Dodging        | 2 3 4 |  4.5
Maces & Flails | 1 2 3 4 5 |  5.4
Fighting       | 2 3 5 |  5.4
Throwing       | 3 4 |  4.0
Spellcasting   | 2 3 |  3.4
Short Blades   | |  0.5

Action                   |  1- 3 |  4- 6 |  7- 9 || total
-------------------------+-------+-------+-------++-------
Melee: Dagger            |    57 |       |       ||    57
       Unarmed           |    20 |       |       ||    20
       Whip              |    66 |   122 |   191 ||   379
       Punch             |       |     2 |     4 ||     6
Throw: Stone             |    76 |    10 |     6 ||    92
       Large rock        |     1 |     5 |     5 ||    11
       Boomerang         |       |       |     6 ||     6
       Throwing net      |       |       |     2 ||     2
 Cast: Slow              |     5 |    12 |     7 ||    24
  Use: Scroll            |       |     8 |     1 ||     9
       Potion            |       |     1 |     3 ||     4
 Stab: Sleeping          |       |     2 |       ||     2
Armor: Robe              |    53 |    37 |    25 ||   115
Dodge: Dodged            |    93 |    70 |   107 ||   270
